 Dungeon Crawl Stone Soup version 0.24.1 (webtiles) character file.

Game seed: 5942034750565127192, levelgen mode: deterministic

204 Frank2 the Cudgeler (level 5, -3/40 HPs)
             Began as a Demonspawn Gladiator on Apr 4, 2020.
             Killed by divine providence
             ... invoked by an orc priest
              (12 damage)
             ... on level 4 of the Dungeon.
             The game lasted 00:04:03 (2592 turns).

Frank2 the Cudgeler (Demonspawn Gladiator)          Turns: 2592, Time: 00:04:03

Health: -3/40      AC: 13    Str: 14    XL:     5   Next: 52%
Magic:  5/5        EV: 12    Int: 10    God:
Gold:   189        SH:  0    Dex: 15    Spells: 4/4 levels left

rFire    . . .     SeeInvis .   a - +0 flail
rCold    . . .     Gourm    .   (no shield)
rNeg     . . .     Faith    .   o - +0 ring mail
rPois    .         Spirit   .   c - +1 helmet
rElec    .         Reflect  .   (no cloak)
rCorr    .         Harm     .   (no gloves)
MR       .....                  (no boots)
Stlth    +.........             (no amulet)
HPRegen  0.13/turn              (no ring)
MPRegen  0.09/turn              (no ring)

@: sanguine armour
A: sanguine armour 1
a: no special abilities


You were on level 4 of the Dungeon.
You were hungry.

You visited 1 branch of the dungeon, and saw 4 of its levels.

You collected 189 gold pieces.

Inventory:

Hand Weapons
 a - a +0 flail (weapon)
Missiles
 d - 3 throwing nets (quivered)
Armour
 c - a +1 helmet (worn)
 o - a +0 ring mail (worn)
Wands
 p - a wand of flame (17)
Scrolls
 b - 2 scrolls of identify
 g - a scroll of blinking {unknown}
 k - a scroll of remove curse
 l - 2 scrolls of teleportation {unknown}
 m - a scroll of amnesia {unknown}
 q - a scroll of enchant weapon {unknown}
Potions
 e - 2 potions of curing
 h - a potion of cancellation {unknown}
 i - 3 potions of resistance {unknown}
 j - 5 potions of heal wounds {unknown}
 n - a potion of agility {unknown}
 r - a potion of flight {unknown}
Comestibles
 f - 4 rations


   Skills:
 + Level 2.9 Fighting
 + Level 4.6 Maces & Flails
 - Level 1.7 Throwing
 + Level 1.6 Armour
 + Level 3.2 Dodging


You had 4 spell levels left.
You didn't know any spells.
Your spell library was empty.

Dungeon Overview and Level Annotations

Branches:
Dungeon (3/15)

Altars:
Cheibriados
Kikubaaqudgha
Ru
Xom
Zin
The Shining One

Shops:
D:4 *


Innate Abilities, Weirdness & Mutations

When seriously injured, your bleeding wounds create armour. (AC +6)


Message History

You closely miss something. Something hits you.
You hear some strange, mumbled words.
A magic dart appears from out of thin air!
The magic dart hits you but does no damage.
You closely miss something. Something hits you but does no damage.
You hit something.
The orc priest invokes the aid of Beogh against you.
Beogh smites you!
* * * LOW HITPOINT WARNING * * *
Something hits you but does no damage.
You closely miss something. Something hits you but does no damage.
You miss something. Something hits you but does no damage.
The orc priest looks braver for a moment.
You feel better. Something hits you but does no damage.
You sock something! Something hits you.
* * * LOW HITPOINT WARNING * * *
You closely miss something. Something completely misses you.
The orc priest invokes the aid of Beogh against you.
Beogh smites you!
You die...

.............#.#
.......#+#...#.#
#######
.......+∩'...+.#
.......
.......#'#...###
.......
(.#####'.#...#
....... ..#
#..#...# .......
..# #.##)..#
....... ..#
#.##########o......
###
#.........@{o......
############o......
....... .......
#######


You could see 2 orc priests and an orc.

Vanquished Creatures
  A centaur skeleton (D:4)
  Ijyb (D:4)
  2 worker ants (D:4)
  2 adders
  An ooze (D:2)
  A worm (D:2)
  5 dart slugs
  2 leopard geckos
  3 bats
  A giant cockroach (D:2)
  4 goblins
  9 hobgoblins
  10 jackals (D:1)
  5 quokkas
  A ball python (D:1)
  6 frilled lizards
  5 kobolds
  7 rats
66 creatures vanquished.

Notes
Turn   | Place    | Note
-------+----------+-------------------------------------------
     0 | D:1      | Frank2 the Demonspawn Gladiator began the quest for the
                  | Orb.
     0 | D:1      | Reached XP level 1. HP: 16/16 MP: 1/1
   103 | D:1      | Reached skill level 3 in Maces & Flails
   121 | D:1      | Gained mutation: When seriously injured, your bleeding
                  | wounds create armour. (AC +6) [demonic ancestry]
   121 | D:1      | Reached XP level 2. HP: 14/22 MP: 2/2
   512 | D:1      | Reached XP level 3. HP: 16/28 MP: 3/3
  1830 | D:2      | Found an ancient bone altar of Kikubaaqudgha.
  1830 | D:2      | Found a snail-covered altar of Cheibriados.
  1831 | D:2      | Found a shimmering altar of Xom.
  1919 | D:2      | Found a glowing silver altar of Zin.
  2049 | D:2      | Reached XP level 4. HP: 16/34 MP: 4/4
  2164 | D:3      | Reached skill level 1 in Armour
  2174 | D:3      | Reached skill level 4 in Maces & Flails
  2221 | D:3      | You fall into a shaft and drop 1 floor!
  2246 | D:4      | Found a glowing golden altar of the Shining One.
  2279 | D:4      | Found a sacrificial altar of Ru.
  2285 | D:4      | Noticed Ijyb
  2307 | D:4      | Killed Ijyb
  2404 | D:4      | Reached XP level 5. HP: 21/40 MP: 5/5
  2518 | D:4      | Found Ysap's Assorted Antiques.
  2587 | D:4      | HP: 2/40 [orc priest/divine providence (15)]
  2592 | D:4      | Killed from afar by an orc priest

Levels and vault maps discovered:
D:1:      ncdulo_halloftheorcs, layout_basic
D:2:      layout_basic, zin_treasury, gammafunk_temple_overflow_claw,
          corexii_hall_statues_i, st_stairs_5
D:3:      layout_rooms, hangedman_feature_mirror
D:4:      layout_basic, kennysheep_mini, cheibrodos_sewer_entry_bend,
          serial_shops, nicolae_shop_behind_doors, interstate_on_off,
          lemuel_tele_altar, uniq_ijyb, uniq_sigmund

Skill      XL: |  1  2  3  4 |
---------------+-------------+-----
Maces & Flails | 3 4 |  4.6
Dodging        | 3 |  3.2
Armour         | 1 |  1.6
Fighting       | |  2.9
Throwing       | |  1.7

Action                   |  1- 3 |  4- 6 || total
-------------------------+-------+-------++-------
Melee: Flail             |   163 |    95 ||   258
Throw: Throwing net      |       |     1 ||     1
  Use: Scroll            |     3 |       ||     3
       Potion            |       |     2 ||     2
  Eat: Chunk             |     3 |     2 ||     5
Armor: Leather armour    |    34 |       ||    34
       Ring mail         |    37 |    49 ||    86
Dodge: Dodged            |   131 |    68 ||   199
